Map: New Repugnancy LE

Players

Basior

  • Race: Terran Terran
  • Spawn Location: 7:00

SpaceMarine - Winner!

  • Race: Protoss Protoss
  • Spawn Location: 1:00

Event: IEM Season 13: Katowice (2019)

VOD

Have the link to the VOD?

Description

Time

  • Played on: Feb. 26, 2019, 4:47 a.m.
  • Length: 7:49

All games in this series

Show
View Real Time Build Order
Export as new Build Order

Basior Terran 

Build Orders: Cyclone Opening 

Get SALT Encoding   

  12  0:00  SCV  
  13  0:12  SCV  
  14  0:17  Supply Depot  
  14  0:24  SCV  
  14  0:27  Refinery  
  15  0:39  SCV  
  16  0:47  Barracks  
  16  0:51  SCV  
  17  1:03  SCV  
  18  1:15  SCV  
  19  1:34  Orbital Command, Marine  
  19  1:36  Factory  
  20  1:54  Marine  
  20  2:00  SCV  
  22  2:04  Supply Depot  
  22  2:12  SCV  
  23  2:21  Factory Tech Lab  
  23  2:25  SCV, Marine  
  23  2:26  Refinery  
  25  2:30  Command Center  
  25  2:37  SCV  
  25  2:40  Cyclone  
  30  2:49  Supply Depot  
  30  2:51  SCV  
  30  2:52  Barracks Reactor  
  30  3:03  SCV  
  31  3:06  Starport  
  31  3:15  SCV  
  32  3:23  Siege Tank  
  35  3:27  SCV  
  35  3:28  Marine x2  
  38  3:40  SCV  
  39  3:42  Orbital Command  
  39  3:46  Marine x2  
  41  3:53  SCV  
  44  3:58  Siege Tank  
  44  4:00  Orbital Command  
  45  4:04  Supply Depot  
  45  4:05  SCV  
  48  4:10  Marine  
  48  4:13  Medivac  
  50  4:17  SCV  
  50  4:21  Marine  
  51  4:27  Engineering Bay, SCV  
  51  4:30  SCV  
  52  4:32  Siege Tank  
  55  4:39  SCV  
  55  4:42  SCV  
  55  4:44  Barracks  
  57  4:46  Refinery, Marine  
  57  4:47  Marine  
  57  4:51  SCV  
  60  4:54  Missile Turret  
  60  4:55  SCV  
  61  5:03  SCV  
  61  5:04  Supply Depot  
  62  5:11  Barracks  
  62  5:12  Terran Infantry Weapons Level 1, Supply Depot  
  62  5:14  Marine x2  
  62  5:16  SCV  
  62  5:17  SCV  
  66  5:24  Siege Tank  
  68  5:32  SCV x2  
  68  5:33  Barracks Tech Lab  
  70  5:37  Supply Depot  
  70  5:39  Marine x2  
  72  5:44  SCV  
  72  5:47  SCV  
  74  5:52  Marauder  
  74  5:56  SCV, Marine x2  
  78  5:59  Refinery, SCV  
  78  6:00  Barracks Tech Lab, Starport Reactor  
  80  6:07  Factory Reactor  
  80  6:08  SCV, Supply Depot  
  80  6:11  SCV  
  82  6:15  Combat Shield  
  82  6:16  Marauder x2  
  82  6:17  Marine x2  
  88  6:20  SCV  
  88  6:23  SCV  
  87  6:30  Supply Depot  
  86  6:34  Marine x2  
  88  6:40  Marauder x2  
  88  6:42  Medivac x2  
  88  6:43  Widow Mine  
  88  6:44  Widow Mine  
  98  6:48  SCV x2  
  80  7:02  Marauder x2, Marine x2  
  80  7:05  Widow Mine x2  
  82  7:14  Ghost Academy  
Show
View Real Time Build Order
Export as new Build Order

SpaceMarine Protoss - Winner!

Build Orders: Phoenix Opening, Blink Stalkers 

Get SALT Encoding   

  12  0:00  Probe  
  13  0:12  Probe  
  14  0:17  Pylon  
  14  0:24  Probe  
  15  0:32  Probe  
  15  0:38  Gateway  
  15  0:40  Probe  
  16  0:46  Assimilator  
  17  0:50  Probe  
  17  0:56  Assimilator  
  18  0:58  Probe  
  19  1:06  Probe  
  20  1:16  Pylon  
  20  1:17  Probe  
  20  1:25  Cybernetics Core  
  21  1:29  Probe  
  24  1:41  Probe  
  25  1:52  Stalker  
  23  1:54  Nexus  
  23  2:05  Warp Gate  
  23  2:08  Probe  
  26  2:20  Probe  
  27  2:23  Sentry  
  27  2:25  Twilight Council  
  29  2:32  Probe  
  30  2:45  Probe, Blink  
  30  2:49  Gateway  
  30  2:51  Gateway  
  31  2:55  Phoenix  
  31  3:04  Probe  
  31  3:06  Probe  
  31  3:12  Probe  
  33  3:18  Probe  
  35  3:22  Probe  
  36  3:30  Probe  
  36  3:31  Pylon  
  37  3:34  Probe  
  38  3:42  Probe  
  38  3:46  Probe  
  40  3:53  Stalker x3  
  40  3:54  Probe  
  47  3:57  Forge  
  47  3:58  Probe  
  48  4:06  Probe  
  48  4:09  Protoss Ground Armor Level 1  
  49  4:10  Probe  
  49  4:13  Pylon  
  49  4:16  Stalker  
  52  4:17  Stalker  
  54  4:24  Nexus  
  54  4:27  Pylon  
  54  4:33  Probe x2  
  56  4:43  Robotics Facility  
  57  4:45  Probe x2  
  57  4:46  Charge  
  58  4:57  Probe  
  58  4:59  Probe  
  60  5:02  Pylon  
  60  5:05  Gateway  
  60  5:06  Gateway  
  60  5:09  Gateway  
  60  5:10  Probe  
  60  5:11  Probe  
  62  5:21  Pylon  
  62  5:22  Probe  
  62  5:23  Probe  
  62  5:25  Pylon  
  62  5:27  Observer  
  64  5:34  Probe  
  66  5:37  Probe  
  66  5:39  Phoenix  
  66  5:40  Gateway  
  66  5:41  Probe  
  68  5:43  Gateway  
  68  5:44  Gateway x2  
  68  5:45  Warp Prism  
  68  5:47  Probe  
  71  5:52  Pylon  
  71  5:54  Sentry  
  73  6:07  Zealot x4  
  73  6:08  Zealot  
  73  6:09  Probe x2  
  85  6:22  Zealot  
  87  6:30  Pylon  
  87  6:32  Pylon  
  87  6:34  Zealot x5  
  87  6:37  Zealot  
  87  6:38  Zealot  
  101  6:47  Zealot x2  
  101  6:49  Zealot  
  105  6:58  Stalker x5  
  105  6:59  Stalker x2  
  117  7:14  Zealot x3  
  123  7:17  Zealot  
  125  7:23  Zealot x4  
  125  7:25  Observer  
  122  7:34  Zealot x6  

Tags
 
Add a new tag
Caveats
  • Supply blocks, unpowered buildings, or Contaminate may cause inaccurate times.
  • Supply counts are checked every 10 seconds.